 Dungeon Crawl Stone Soup version 0.30.0-17-ge0270778cf (webtiles) character file.

Game seed: 15686283911590389895

2619 quinnr the Zephyrmancer (level 9, -13/52 HPs)
             Began as a Tengu Air Elementalist on May 22, 2023.
             Mangled by a two-headed ogre
             ... wielding a +0 giant club
              (25 damage)
             ... on level 6 of the Dungeon.
             The game lasted 00:15:03 (8434 turns).

quinnr the Zephyrmancer (Tengu Air Elementalist)    Turns: 8434, Time: 00:15:04

Health: -13/52     AC:  4    Str:  8    XL:     9   Next: 60%
Magic:  1/16       EV: 16    Int: 20    God:
Gold:   287        SH:  5    Dex: 15    Spells: 4/17 levels left

rFire   . . .        E - staff of cold {!a}
rCold   + + .        (no shield)
rNeg    . . .        D - +2 robe {Will+}
rPois   +            (helmet restricted)
rElec   .            (no cloak)
rCorr   .            (no gloves)
SInv    .            (boots unavailable)
Will    +....        F - amulet of reflection
Stlth   +++          P - ring of poison resistance
HPRegen 0.28/turn    C - ring of protection from cold
MPRegen 0.15/turn

%: reflection
@: sluggish, flying quickly and evasively, very slow
A: beak, talons 3, nimble flight
a: no special abilities


You were on level 6 of the Dungeon.
You visited 2 branches of the dungeon, and saw 7 of its levels.

You collected 287 gold pieces.


Innate Abilities, Weirdness & Mutations

You have a beak for a mouth.
You have claws for feet.
Your magical nature lets you fly swiftly and evasively.


   Skills:
 - Level 4.0 Fighting
 + Level 3.6 Dodging
 - Level 4.0 Stealth
 + Level 4.6 Spellcasting
 - Level 9.0 Conjurations
 + Level 9.3 Air Magic
 - Level 4.0 Evocations


You had 4 spell levels left.
You knew the following spells:

 Your Spells              Type           Power      Damage    Failure   Level
a - Airstrike             Air            21%        2d(3-19)  2%          4
e - Swiftness             Air            42%        N/A       1%          3
i - Iskenderun's Battles  Conj           40%        2d9       9%          5
z - Shock                 Conj/Air       100%       1d9       1%          1

Your spell library contained the following spells:

 Spells                   Type           Power      Damage    Failure   Level
 Static Discharge         Conj/Air       82%        2-6/arc   1%          2
 Stone Arrow              Conj/Erth      44%        3d9       6%          3
 Sandblast                Erth           8%         2d5       12%         1
 Ensorcelled Hibernation  Hex/Ice        12%        N/A       19%         2
 Passwall                 Tmut/Erth      3%         N/A       19%         2
 Ignite Poison            Fire/Tmut/Pois 4%         N/A       36%         3
 Inner Flame              Hex/Fire       4%         N/A       36%         3
 Ozocubu's Armour         Ice            6%         N/A       36%         3
 Spider Form              Tmut/Pois      4%         N/A       36%         3
 Tukima's Dance           Hex            4%         N/A       36%         3
 Volatile Blastmotes      Fire/Tloc      8%         2d10      36%         3
 Anguish                  Hex/Necr       2%         N/A       77%         4
 Passage of Golubria      Tloc           4%         N/A       77%         4
 Iron Shot                Conj/Erth      11%        9d3       96%         6
 Yara's Violent Unravell  Hex/Tmut       2%         3d3       98%         5
 Ozocubu's Refrigeration  Ice            3%         4d8       100%        7
 Spellforged Servitor     Conj/Summ      11%        N/A       100%        7
 Fire Storm               Conj/Fire      11%        8d3       100%        9

Inventory:

Hand Weapons
 q - a +1 dagger of speed
Missiles
 h - 7 poisoned darts
 j - a throwing net {=f}
Armour
 a - a +0 robe
 D - a +2 robe of willpower (worn)
Magical Staves
 E - a staff of cold (weapon) {!a}
 G - a staff of earth {!a}
Jewellery
 C - a ring of protection from cold (right hand)
 F - an amulet of reflection (around neck)
 L - a ring of flight
 P - a ring of poison resistance (left hand)
Wands
 y - a wand of light (7)
 z - a wand of digging (1)
Scrolls
 d - 7 scrolls of identify {unknown}
 f - 2 scrolls of noise {unknown}
 i - a scroll of silence {unknown}
 l - 2 scrolls of teleportation {unknown}
 m - a scroll of immolation {unknown}
 n - 3 scrolls of fear {unknown}
 o - a scroll of amnesia {unknown}
 p - 2 scrolls of poison {unknown}
 r - a scroll of fog {unknown}
 u - a scroll of torment {unknown}
 v - a scroll of vulnerability {unknown}
 A - a scroll of enchant armour {unknown}
Potions
 b - a potion of magic
 c - 3 potions of lignification {unknown}
 e - a potion of mutation {unknown}
 g - 2 potions of might {unknown}
 k - a potion of berserk rage {unknown}
 s - 3 potions of curing {unknown}
 t - a potion of flight {unknown}
 w - 2 potions of haste {unknown}
 B - a potion of brilliance {unknown}

Dungeon Overview and Level Annotations

Branches:
Dungeon (6/15)             Temple (1/1) D:5

Altars:
Ashenzari
Cheibriados
Dithmenos
Elyvilon
Fedhas
Gozag
Hepliaklqana
Kikubaaqudgha
Makhleb
Nemelex Xobeh
Okawaru
Qazlal
Ru
Sif Muna
Trog
Uskayaw
Wu Jian
Xom
Yredelemnul
Zin
The Shining One

Annotations:
D:4 Eustachio
D:6 2 runed translucent doors

#.#.### #...####.+.... #.#...#
###### #...##...+.... #.###.#
#....# #.#.##...▒8...
####'###.####.##.#####.##...▒▒8$)
......##.#.....#.......##....▒▒▒▒
......##...#####.░░░.####........
......####.###.#.░ ░.# #......##
......# #.....#.░░░.# #........
......####.#....@O...####......##
...........>..######.#.........#
......#######.# #°.###......#
......# #.# ##.#...#'#### ......#
#.# #..<..#.# ......#
#.#############.# #######
#...............#
#################


You could see a two-headed ogre.


Message History

You don't have enough magic to cast this spell.
Unknown command.
Unknown command.
There is a stone staircase leading up here.
You feel sluggish.
Casting: Airstrike (dangerous; 2% risk of failure)
Confirm with . or Enter, or press ? or * to list all spells.
Aiming: Shock (safe; 1% risk of failure)
Press: ? - help, Shift-Dir - straight line The zap hits the two-headed ogre!
The two-headed ogre is severely wounded.
The zap hits the two-headed ogre.
The two-headed ogre is almost dead.
Your battlesphere fires!
The barrage of energy hits the two-headed ogre!
The two-headed ogre is almost dead.
Your battlesphere expends the last of its energy and dissipates.
Unknown command.
The two-headed ogre attacks as you move away!
The two-headed ogre hits you with a +0 giant club!
* * * LOW HITPOINT WARNING * * *
The two-headed ogre hits you with a +0 giant spiked club!
* * * LOW HITPOINT WARNING * * *
The two-headed ogre attacks as you move away!
The two-headed ogre barely misses you. The two-headed ogre closely misses you.
Okay, then.
As you read the scroll labelled GAPNUI SUMAWN, it crumbles to dust.
You feel momentarily disoriented.
It was a scroll of magic mapping.
The two-headed ogre hits you with a +0 giant club!!
You die...

Skill      XL: |  1  2  3  4  5  6  7  8  9 |
---------------+----------------------------+-----
Air Magic      | 5 6 7 8 9 |  9.3
Fighting       | 1 2 4 |  4.0
Spellcasting   | 4 |  4.6
Conjurations   | 3 5 9 |  9.0
Dodging        | 3 |  3.6
Stealth        | 3 4 |  4.0
Evocations     | 3 4 |  4.0

Action                     |  1- 3 |  4- 6 |  7- 9 || total
---------------------------+-------+-------+-------++-------
  Melee: Unarmed           |       |     1 |       ||     1
         Peck              |       |     1 |       ||     1
         Staff             |       |       |     1 ||     1
         Kick              |       |       |     1 ||     1
  Throw: Dart              |       |     2 |     1 ||     3
   Cast: Shock             |    79 |    75 |    68 ||   222
         Airstrike         |       |    10 |    55 ||    65
         Iskenderun's Batt |       |       |     3 ||     3
         Swiftness         |       |       |     1 ||     1
  Evoke: Wand              |       |       |     5 ||     5
    Use: Scroll            |       |       |     1 ||     1
   Stab: Sleeping          |       |       |     1 ||     1
 Armour: Robe              |     2 |     5 |     2 ||     9
  Dodge: Dodged            |     8 |    21 |    15 ||    44
  Block: Other             |       |       |     4 ||     4
         Reflection        |       |       |     1 ||     1

Levels and vault maps discovered:
D:1:      saegor_arrival_under_anarchy, layout_rooms
D:2:      layout_rooms
D:3:      layout_loops_ring, hellmonk_ecumenical_altar_run_dry,
          kennysheep_generic_room_9
D:4:      layout_basic, minmay_misc_feat_iff, uniq_eustachio, uniq_edmund,
          uniq_natasha, uniq_menkaure
D:5:      layout_loops_ring, pdpol_temple_overflow_zin_treasury_gozag_greed,
          mainiacjoe_overflow_alcove_1, nicolae_dithmenos_the_darkroom,
          evilmike_ruin_ashenzari, kennysheep_potato, uniq_duvessa, uniq_ijyb
D:6:      layout_basic, xom_redecorated, minmay_misc_feat_encased,
          chequers_serial_rivers_micro_a, minmay_hollow_rounded_squares
Temple:   hellmonk_temple_of_storms

Notes
Turn   | Place    | Note
-------+----------+-------------------------------------------
     0 | D:1      | quinnr the Tengu Air Elementalist began the quest for the
                  | Orb.
     0 | D:1      | Reached XP level 1. HP: 10/10 MP: 4/4
   158 | D:1      | Reached XP level 2. HP: 15/15 MP: 1/6
   352 | D:1      | Reached skill level 5 in Air Magic
   825 | D:1      | Reached XP level 3. HP: 19/19 MP: 5/7
  1142 | D:2      | Reached skill level 6 in Air Magic
  1617 | D:3      | Reached XP level 4. HP: 24/24 MP: 4/8
  1852 | D:3      | Reached skill level 7 in Air Magic
  2302 | D:3      | Found a faded altar of an unknown god.
  2497 | D:3      | Gained mutation: Your magical nature lets you fly swiftly
                  | and evasively. [Tengu growth]
  2497 | D:3      | Reached XP level 5. HP: 28/28 MP: 4/9
  2852 | D:3      | Learned a level 4 spell: Airstrike
  2859 | D:3      | Reached skill level 8 in Air Magic
  2984 | D:4      | Reached skill level 1 in Fighting
  3097 | D:4      | Reached XP level 6. HP: 34/34 MP: 5/11
  3228 | D:4      | Reached skill level 3 in Spellcasting
  3393 | D:4      | Noticed Natasha
  3401 | D:4      | Killed Natasha
  3429 | D:4      | Noticed Edmund
  3577 | D:4      | Killed Edmund
  3578 | D:4      | Reached skill level 4 in Spellcasting
  3664 | D:4      | Noticed Natasha
  3668 | D:4      | Killed Natasha
  3845 | D:4      | Noticed Eustachio
  3955 | D:4      | Noticed Menkaure
  3963 | D:4      | Killed Menkaure
  3964 | D:4      | Reached skill level 3 in Conjurations
  3964 | D:4      | Reached skill level 2 in Fighting
  3964 | D:4      | Reached XP level 7. HP: 27/40 MP: 5/14
  3970 | D:4      | Noticed Natasha
  3974 | D:4      | Killed Natasha
  4314 | D:5      | Entered Level 5 of the Dungeon
  4371 | D:5      | Found a broken altar of Ashenzari.
  4593 | D:5      | Reached skill level 3 in Dodging
  4593 | D:5      | Reached skill level 3 in Stealth
  4685 | D:5      | Reached skill level 9 in Air Magic
  4685 | D:5      | Reached XP level 8. HP: 34/44 MP: 2/15
  5013 | D:5      | Noticed Ijyb
  5015 | D:5      | Killed Ijyb
  5016 | D:5      | Reached skill level 4 in Stealth
  5194 | D:5      | Found an opulent altar of Gozag.
  5306 | D:5      | Found a shadowy altar of Dithmenos.
  5328 | D:5      | Noticed Duvessa
  5438 | D:5      | Noticed Dowan
  5447 | D:5      | Killed Dowan
  5448 | D:5      | Reached skill level 3 in Fighting
  5678 | D:5      | Learned a level 5 spell: Iskenderun's Battlesphere
  5679 | D:5      | Found a staircase to the Ecumenical Temple.
  5685 | D:5      | Found an ancient bone altar of Kikubaaqudgha.
  5689 | Temple   | Entered the Ecumenical Temple
  5800 | D:5      | Found a glowing silver altar of Zin.
  5903 | D:5      | Killed Duvessa
  5904 | D:5      | Reached skill level 1 in Evocations
  6316 | D:6      | Found a shimmering altar of Xom.
  6316 | D:6      | Found a shimmering altar of Xom.
  6317 | D:6      | Found a shimmering altar of Xom.
  6320 | D:6      | Found a shimmering altar of Xom.
  6581 | D:6      | Reached skill level 2 in Evocations
  6673 | D:6      | Reached skill level 4 in Fighting
  6673 | D:6      | Reached skill level 4 in Conjurations
  6825 | D:6      | Found a large runed translucent door.
  6825 | D:6      | Found a large runed translucent door.
  6827 | D:6      | Noticed a two-headed ogre
  6891 | D:6      | Reached skill level 5 in Conjurations
  6891 | D:6      | Reached skill level 3 in Evocations
  7191 | D:6      | Reached XP level 9. HP: 28/52 MP: 2/16
  7316 | D:6      | Killed an unseen horror
  7317 | D:6      | Reached skill level 7 in Conjurations
  7317 | D:6      | Reached skill level 4 in Evocations
  7542 | D:6      | Reached skill level 8 in Conjurations
  7674 | D:6      | Found a large runed translucent door.
  7674 | D:6      | Found a large runed translucent door.
  7720 | D:6      | Reached skill level 9 in Conjurations
  8374 | D:6      | Got Sif Muna's Grimoire of the Sun
  8404 | D:6      | Learned a level 3 spell: Swiftness
  8434 | D:6      | Mangled by a two-headed ogre

Vanquished Creatures
  An unseen horror (D:6)
  A yak (D:6)
  A steam dragon (D:6)
  Menkaure (D:4)
  Edmund (D:4)
  2 water moccasins
  An acid dragon (D:6)
  Duvessa (D:5)
  A black bear (D:6)
  An ice beast (D:5)
  2 sky beasts (D:6)
  3 ogres
  A kobold brigand (D:6)
  A scorpion (D:6)
  Dowan (D:5)
  A howler monkey (D:3)
  2 jellies (D:6)
  4 hounds
  A gnoll bouda (D:6)
  2 orc priests
  2 iguanas
  A sleepcap (D:6)
  Natasha (thrice) (D:4)
  Ijyb (D:5)
  3 gnolls (D:5)
  5 adders
  3 white imps (D:6)
  A worm (D:3)
  3 dart slugs
  12 orcs
  6 endoplasms
  2 giant cockroaches
  4 goblins
  5 hobgoblins
  2 jackals (D:1)
  7 kobolds
  4 quokkas
  5 ball pythons
  7 bats
  3 frilled lizards
  A rat (D:1)
109 creatures vanquished.

Table legend: (Time is in decaauts)
 A = Elapsed time spent in this place.
 B = Non-inter-level travel time spent in this place.
 C = Inter-level travel time spent in this place.
 D = Time resting spent in this place.
 E = Time spent auto-exploring this place.
 F = Levels seen in this place.
 G = Mean time per level.
                   A        B        C        D        E       F      G
               +--------+--------+--------+--------+--------+-----+--------+
         Total |   8138 |   7929 |    209 |    667 |   6153 |   7 | 1162.6 |
       Dungeon |   8101 |   7899 |    202 |    667 |   6133 |   6 | 1350.2 |
        Temple |     36 |     30 |      6 |      0 |     19 |   1 |   36.0 |
               +--------+--------+--------+--------+--------+-----+--------+

Top non-repeatable levels by time:
     D:6: 2175 daAuts
     D:5: 1719 daAuts
     D:3: 1232 daAuts
     D:4: 1226 daAuts
     D:1: 973 daAuts
     D:2: 773 daAuts
  Temple: 36 daAuts

Table legend:
 A = Non-vault XP
 B = Vault XP
 C = Vault XP percentage of total XP
 D = Non-vault monster count
 E = Vault monster count
 F = Vault count percentage of total count
                 A         B        C        D         E       F
            +---------+---------+-------+---------+---------+-------
      Total |    1741 |    2001 |  53.5 |      88 |      21 |  19.3
            +---------+---------+-------+---------+---------+-------
        D:1 |      40 |       0 |   0.0 |      24 |       0 |   0.0
        D:2 |      33 |       0 |   0.0 |      12 |       0 |   0.0
        D:3 |     187 |       2 |   1.1 |      19 |       1 |   5.0
        D:4 |     165 |     361 |  68.6 |       7 |       3 |  30.0
        D:5 |     463 |     382 |  45.2 |      15 |       5 |  25.0
        D:6 |     853 |    1256 |  59.6 |      11 |      12 |  52.2
            +---------+---------+-------+---------+---------+-------

Levels and vault maps discovered:
D:1:      saegor_arrival_under_anarchy, layout_rooms
D:2:      layout_rooms
D:3:      layout_loops_ring, hellmonk_ecumenical_altar_run_dry,
          kennysheep_generic_room_9
D:4:      layout_basic, minmay_misc_feat_iff, uniq_eustachio, uniq_edmund,
          uniq_natasha, uniq_menkaure
D:5:      layout_loops_ring, pdpol_temple_overflow_zin_treasury_gozag_greed,
          mainiacjoe_overflow_alcove_1, nicolae_dithmenos_the_darkroom,
          evilmike_ruin_ashenzari, kennysheep_potato, uniq_duvessa, uniq_ijyb
D:6:      layout_basic, xom_redecorated, minmay_misc_feat_encased,
          chequers_serial_rivers_micro_a, minmay_hollow_rounded_squares
Temple:   hellmonk_temple_of_storms
